AoeStats
← Talan

Arabia

506575123Analyzed
1v1 RM · 19d ago on Sep 14, 2026· 29m 31s· 2 players
Game mode
Random Map
Map size
Tiny (2 player)
Population
200
Speed
Normal
Resources
Standard
Victory
Conquest
Starting age
Dark Age
Ending age
Imperial Age
RankedLock teamsTeams togetherTeam positionsShared explorationLock speedFull tech treeHidden civsTurbo modeCheats
Victory
Defeat
🇭🇰 Hindustanis · Hong Kong SAR China
1049
+13
🇨🇱 Cumans · Chile
991
-13
dwajkgfyhujaw
6:04 Loom
8:53 Feudal Age
9:24 Double-Bit Axe
12:24 Horse Collar
19:42 Wheelbarrow
18:52 Town Watch
19:38 Fletching
20:57 Gold Mining
24:55 Castle Age
23:34 Stone Mining
24:28 Bloodlines
24:24 Scale Barding Armor
24:30 Forging
26:48 Chain Barding Armor
27:41 Iron Casting
28:29 Heavy Plow
28:56 Bow Saw
29:50 Husbandry
Talan
3:22 Loom
10:35 Feudal Age
11:09 Double-Bit Axe
11:07 Horse Collar
15:02 Wheelbarrow
14:12 Town Watch
22:27 Castle Age
21:31 Forging
22:32 Scale Barding Armor
27:50 Hand Cart
28:54 Bloodlines
29:26 Town Patrol
Connection lost

Rejoining the realm…

Still unreachable

The connection could not be restored.

Session expired

The server has moved on; the page needs a fresh start.